 Dungeon Crawl Stone Soup version 0.17.2-1-ge4368a0 (webtiles) character file.

2534 Goblin1989 the Martial Artist (level 9, -1/64 (65) HPs)
             Began as a Demonspawn Monk on Oct 30, 2016.
             Slain by an ogre
             ... wielding a +0 giant spiked club
              (22 damage)
             ... on level 7 of the Dungeon.
             The game lasted 00:26:14 (7040 turns).

Goblin1989 the Martial Artist (Demonspawn Monk)     Turns: 7040, Time: 00:26:14

HP:   -1/64 (65)    AC: 13    Str: 15    XL:     9   Next: 30%
MP:   9/9           EV: 12    Int: 11    God:
Gold: 505           SH:  0    Dex: 16    Spells: 2 memorised, 0 levels left

rFire  + . .     SeeInvis +       - Unarmed
rCold  . . .     Clarity  .     j - +0 ring mail
rNeg   . . .     SustAt   .     (no shield)
rPois  +         Gourm    .     s - +2 helmet {SInv}
rElec  .         Spirit   .     f - +1 cloak
rCorr  .         Warding  .     (no gloves)
rMut   .         Stasis   .     u - +1 pair of boots
MR     .....                    (no amulet)
Stlth  ++........               o - ring of poison resistance
                                x - ring of stealth

@: not resistant to hostile enchantments, unstealthy
A: claws 1, molten scales 1, blurry vision 1, demonic guardian 1, fire
resistance 1
a: no special abilities


You were on level 7 of the Dungeon.
You were not hungry.

You visited 1 branch of the dungeon, and saw 7 of its levels.

You collected 505 gold pieces.

Inventory:

Armour
 f - a +1 cloak (worn)
 j - a +0 ring mail (worn)
 s - a +2 helmet of see invisible (worn)
 u - a +1 pair of boots (worn)
Jewellery
 k - an uncursed ring of wizardry
 o - a ring of poison resistance (right claw)
 x - a ring of stealth (left claw)
Wands
 h - a wand of digging (18)
Scrolls
 d - a scroll of noise {!r}
 i - 3 scrolls of amnesia
 l - a scroll of teleportation {unknown}
 n - 3 scrolls of remove curse {@r2}
 p - 2 scrolls of fog {unknown}
 r - 2 scrolls of enchant weapon
 M - a scroll of magic mapping
Potions
 e - a potion of curing {@q1}
 g - 2 potions of resistance
 m - a potion of heal wounds {!q, @q2}
 v - a potion of lignification {unknown}
 w - a potion of magic
Comestibles
 a - 2 royal jellies
 b - 6 bread rations {@e1}
 c - 2 fruits
 q - 2 chunks of flesh {@w0}
 t - 6 slices of pizza


   Skills:
 + Level 3.8 Fighting
 + Level 2.1 Armour
 - Level 2.6 Dodging
 - Level 1.7 Stealth
 * Level 11.5 Unarmed Combat


You couldn't memorise any spells.
You knew the following spells:

 Your Spells              Type           Power        Failure   Level  Hunger
a - Stoneskin             Trmt/Erth      #.......     89%         2    ###....
Y - Statue Form           Trmt/Erth      #........    100%        6    #######


Dungeon Overview and Level Annotations

Branches:
Dungeon (7/15)
 Temple: D:4-7

Altars:
Dithmenos
Elyvilon
Makhleb
Nemelex Xobeh
Qazlal
Ru
Sif Muna
Yredelemnul
Zin
The Shining One

Shops:
D:4 %

Annotations:
D:4 Edmund
D:5 exclusion: door


Innate Abilities, Weirdness & Mutations

You have sharp fingernails.
You are partially covered in molten scales (AC +1).
A weak demonic guardian rushes to your aid.
Your flesh is heat resistant.
Scrolls take you a little longer to read.


Message History

Unknown command.
The ogre hits your quasit with a giant spiked club!
Your quasit bites the ogre.
Your quasit claws the ogre.
Your quasit claws the ogre.
Your quasit bites the ogre.
Your quasit barely misses the ogre.
Your quasit barely misses the ogre.
The ogre misses your quasit.
Your quasit bites the ogre.
Your quasit claws the ogre.
Your quasit barely misses the ogre.
Your quasit disappears in a puff of smoke!
You claw the ogre!
The ogre is severely wounded.
The ogre hits you with a giant spiked club!
* * * LOW HITPOINT WARNING * * *
You take 15 damage, and have 21/64 hp.
MASSIVE DAMAGE!!
You scratch the ogre but do no damage.
The ogre is severely wounded.
You closely miss the ogre.
The ogre is severely wounded.
The ogre hits you with a giant spiked club!!
You die... █..............█ █...█..█.█.█...█ ████

████...██..▲█..█..██ ...
.......██.....██.... ..█
█...█......█...█ █.█
█...▲..⌂..∆...██ █.█
██...█...........
██.████████...██.....██....
██^.......O@...████:.███....
█)█.........███..████.█.......
█...........███...............
███....██████<................
█....█ █████..██.█.......
█....█ █.███......... ......█
█.█ ██████...█ ███..... ...
█.███ █..... ..o. █.█


You could see an ogre.

Vanquished Creatures
  The ghost of p0werm0de the Fighter, an amateur DsWn (D:6)
  Grinder (D:5)
  Prince Ribbit (D:6)
  A wraith (D:6)
  The ghost of ololoev the Chopper, an amateur DsFi (D:5)
  Menkaure (D:6)
  A phantom (D:4)
  A necrophage (D:7)
  2 ice beasts (D:5)
  A centaur (D:4)
  2 giant frogs
  2 crimson imps (D:5)
  A giant frog zombie (D:7)
  2 hounds
  Crazy Yiuf (D:5)
  An orc priest (D:7)
  Ijyb (D:3)
  A centaur skeleton (D:5)
  3 worker ants
  2 orc wizards (D:4)
  2 giant frog skeletons
  2 iguanas
  3 hound skeletons
  5 adders
  2 shadow imps (D:5)
  A white imp (D:7)
  5 oozes
  A worm (D:2)
  The ghost of ololoev the Skirmisher, a weakling DsFi (D:3)
  4 giant geckos
  10 orcs
  6 giant cockroaches
  5 goblins
  4 hobgoblins
  8 jackals
  5 kobolds
  5 quokkas
  8 bats
  A giant gecko skeleton (D:4)
  5 giant newts
  2 goblin skeletons (D:7)
  A hobgoblin zombie (D:7)
  A jackal skeleton (D:6)
  2 kobold skeletons (D:7)
  3 kobold zombies (D:7)
  2 orc skeletons (D:7)
  3 orc zombies (D:7)
  2 quokka skeletons (D:4)
  5 rats
131 creatures vanquished.

Vanquished Creatures (collateral kills)
  A hippogriff (D:7)
  A phantom (D:4)
  A centaur (D:6)
  A scorpion (D:6)
  An orc wizard (D:6)
  An orc priest (D:5)
  A worker ant (D:6)
  An orc (D:7)
  A quokka (D:6)
  A fungus (D:4)
10 creatures vanquished.

Grand Total: 141 creatures vanquished

Notes
Turn   | Place    | Note
--------------------------------------------------------------
     0 | D:1      | Goblin1989 the Demonspawn Monk began the quest for the Orb.
     0 | D:1      | Reached XP level 1. HP: 18/18 MP: 1/1
   115 | D:1      | Reached skill level 4 in Unarmed Combat
   119 | D:1      | Gained mutation: You have sharp fingernails. [demonic ancestry]
   119 | D:1      | Reached XP level 2. HP: 16/24 MP: 2/2
   920 | D:2      | Gained mutation: Your flesh is heat resistant. [demonic ancestry]
   920 | D:2      | Reached XP level 3. HP: 16/29 MP: 3/3
  1723 | D:2      | Reached skill level 5 in Unarmed Combat
  1852 | D:2      | Found a basalt altar of Yredelemnul.
  1863 | D:2      | Gained mutation: You are partially covered in molten scales (AC +1). [demonic ancestry]
  1863 | D:2      | Reached XP level 4. HP: 28/35 MP: 4/4
  2407 | D:3      | Noticed ololoev's ghost (weakling DsFi)
  2420 | D:3      | Killed ololoev's ghost
  2484 | D:3      | Found a faded altar to an unknown god.
  2726 | D:4      | Found Dankeipp's Food Boutique.
  2794 | D:4      | Gained mutation: A weak demonic guardian rushes to your aid. [demonic ancestry]
  2794 | D:4      | Reached XP level 5. HP: 21/41 MP: 5/5
  2838 | D:4      | Reached skill level 6 in Unarmed Combat
  3088 | D:4      | Noticed a phantom
  3113 | D:4      | Killed a phantom
  3113 | D:4      | Reached XP level 6. HP: 35/47 MP: 6/6
  3152 | D:4      | Noticed a phantom
  3183 | D:4      | Killed a phantom
  3183 | D:4      | Reached skill level 7 in Unarmed Combat
  3336 | D:4      | Found a shadowy altar of Dithmenos.
  3340 | D:4      | Noticed a centaur
  3360 | D:4      | Killed a centaur
  3532 | D:5      | Entered Level 5 of the Dungeon
  3591 | D:5      | Found a basalt altar of Yredelemnul.
  3720 | D:5      | Found a glowing silver altar of Zin.
  3734 | D:5      | Reached XP level 7. HP: 42/52 MP: 7/7
  3739 | D:5      | Noticed Grinder
  3739 | D:5      | Paralysed by Grinder for 4 turns
  3748 | D:5      | Killed Grinder
  3748 | D:5      | Reached skill level 8 in Unarmed Combat
  3788 | D:5      | Found a sparkling altar of Nemelex Xobeh.
  3799 | D:5      | Noticed Edmund
  4251 | D:3      | Found a white marble altar of Elyvilon.
  4298 | D:3      | Noticed Ijyb
  4321 | D:3      | Killed Ijyb
  4349 | D:3      | Found a stormy altar of Qazlal.
  4681 | D:5      | Noticed Crazy Yiuf
  4689 | D:5      | Killed Crazy Yiuf
  4942 | D:5      | Reached skill level 9 in Unarmed Combat
  5220 | D:5      | Noticed ololoev's ghost (amateur DsFi)
  5227 | D:5      | Reached XP level 8. HP: 51/58 MP: 8/8
  5245 | D:5      | Killed ololoev's ghost
  5623 | D:5      | Found a deep blue altar of Sif Muna.
  5875 | D:6      | Noticed Menkaure
  5881 | D:6      | Killed Menkaure
  5881 | D:6      | Reached skill level 10 in Unarmed Combat
  6275 | D:6      | Noticed Prince Ribbit
  6307 | D:6      | Got a crude hunting sling
  6308 | D:6      | Identified the +3 hunting sling of Tenacity {venom, *Contam MP+9 Dex+3} (You found it on level 6 of the Dungeon)
  6316 | D:6      | Gained mutation: Scrolls take you a little longer to read. [mutagenic glow]
  6363 | D:6      | Killed Prince Ribbit
  6363 | D:6      | Reached skill level 11 in Unarmed Combat
  6472 | D:6      | Noticed p0werm0de's ghost (amateur DsWn)
  6474 | D:6      | Found a sacrificial altar of Ru.
  6486 | D:6      | Killed p0werm0de's ghost
  6486 | D:6      | Reached skill level 1 in Armour
  6486 | D:6      | Reached XP level 9. HP: 55/64 MP: 9/9
  6777 | D:7      | Found a burning altar of Makhleb.
  6948 | D:7      | Learned a level 6 spell: Statue Form
  6958 | D:7      | Found a glowing golden altar of the Shining One.
  6991 | D:7      | Learned a level 2 spell: Stoneskin
  7040 | D:7      | Slain by an ogre

Action                   |  1- 3 |  4- 6 |  7- 9 || total
-------------------------+-------+-------+-------++-------
Melee: Unarmed           |   149 |   168 |   255 ||   572
  Use: Scroll            |     4 |     3 |     5 ||    12
       Potion            |       |     5 |     3 ||     8
 Stab: Sleeping          |     1 |     2 |     5 ||     8
       Distracted        |       |       |     3 ||     3
  Eat: Chunk             |     3 |     6 |    11 ||    20

Vault maps used:
D:1:      dpeg_arrival_orchard, serial_bayou_ford_a
D:2:      first_bread, yredelemnul_altar_generic
D:3:      elyvilon_altar_5, ecumenical_altar_1, nicolae_qazlal_eye_of_the_storm,
          uniq_iyjb
D:4:      nicolae_dithmenos_the_darkroom, serial_shops, shop, st_stairs_11,
          minmay_gold_behind_fungi, kennysheep_generic_room_13
D:5:      nicolae_overflow_crystal_walls, nemelex_deck, lemuel_crystal_altar,
          led_sif_book, uniq_crazy_yiuf_cottage, uniq_edmund, uniq_grinder
D:6:      minmay_opposing_rooms, nicolae_ru_awakened_eye, uniq_menkaure,
          uniq_prince_ribbit1
D:7:      nicolae_tso_besieged_by_evil, makhleb_blood_cavern_becter,
          temple_pool_b, serial_glass, glass_columns_c, glass_columns_a
